 Dungeon Crawl Stone Soup version 0.29.0-11-gd7f09526c8 (webtiles) character file.

Game seed: 8477195253302083878

296 blackman the Chopper (level 6, 0/47 HPs)
             Began as a Demonspawn Fighter on Sept 5, 2022.
             Slain by an orc warrior
             ... wielding a +0 halberd of venom
              (9 damage)
             ... on level 4 of the Dungeon.
             The game lasted 00:07:48 (2725 turns).

blackman the Chopper (Demonspawn Fighter)           Turns: 2725, Time: 00:07:48

Health: 0/47       AC:  7    Str: 18    XL:     6   Next: 12%
Magic:  6/6        EV:  9    Int: 10    God:
Gold:   144        SH:  0    Dex: 12    Spells: 5/5 levels left

rFire   . . .      SeeInvis .   v - +1 war axe (freeze)
rCold   . . .      Faith    .   (no shield)
rNeg    . . .      Spirit   .   b - +0 scale mail
rPois   .          Reflect  .   (helmet restricted)
rElec   .          Harm     .   (no cloak)
rCorr   .          Rampage  .   h - +0 pair of gloves
Will    .....                   (no boots)
Stlth   ..........              (no amulet)
HPRegen 0.15/turn               (no ring)
MPRegen 0.10/turn               (no ring)

@: mighty, lethally poisoned (0 -> -27)
A: hooves 1, horns 1, demonic guardian 1, demonic touch 1
a: no special abilities


You were on level 4 of the Dungeon.
You visited 1 branch of the dungeon, and saw 4 of its levels.

You collected 144 gold pieces.

Inventory:

Hand Weapons
 a - a +0 war axe
 v - a +1 war axe of freezing (weapon)
Missiles
 u - 3 javelins (quivered)
Armour
 b - a +0 scale mail (worn)
 c - a +0 buckler
 h - a +0 pair of gloves (worn)
Jewellery
 l - a ring of protection from fire
 o - a ring of positive energy
Scrolls
 e - 3 scrolls of teleportation {unknown}
 f - 2 scrolls of blinking {unknown}
 m - 2 scrolls of enchant armour {unknown}
 n - a scroll of noise {unknown}
 p - 5 scrolls of identify {unknown}
 q - 2 scrolls of immolation {unknown}
 r - 2 scrolls of enchant weapon {unknown}
 t - a scroll of magic mapping {unknown}
 y - a scroll of amnesia {unknown}
Potions
 d - a potion of might
 g - a potion of lignification {unknown}
 i - a potion of brilliance
 k - a potion of curing
 s - a potion of heal wounds {unknown}
 w - a potion of flight {unknown}
 x - a potion of haste {unknown}
 z - a potion of resistance {unknown}


   Skills:
 - Level 3.0 Fighting
 + Level 5.9 Axes
 - Level 2.6 Armour
 - Level 2.6 Shields


You had 5 spell levels left.
You didn't know any spells.
Your spell library contained the following spells:

 Spells                   Type           Power      Damage    Failure   Level
 Magic Dart               Conj           0%         1d3       77%         1
 Searing Ray              Conj           0%         2d4       88%         2
 Conjure Flame            Conj/Fire      0%         6-21      98%         3
 Ignite Poison            Fire/Tmut/Pois 0%         N/A       98%         3
 Fulminant Prism          Conj/Hex       0%         3d6       100%        4
 Sticky Flame             Conj/Fire      0%         2d3       100%        4


Dungeon Overview and Level Annotations

Branches:
Dungeon (4/15)
 Temple: D:4-7

Altars:


Innate Abilities, Weirdness & Mutations

You have large cloven feet.
You have a pair of small horns on your head.
A weak demonic guardian rushes to your aid.
Your touch may inflict minor irresistible damage on your foes.


Message History

Aim: an orc warrior, wielding a +0 halberd of venom and wearing a +0 plate armour (57% to hit)
You throw a javelin.
The javelin pierces through the orc warrior but does no damage.
Throw: 4 javelins
Press: ? - help, Shift-Dir - straight line, f/p - orc warrior
Aim: an orc warrior, wielding a +0 halberd of venom and wearing a +0 plate armour (57% to hit)
You throw a javelin.
The javelin pierces through the orc warrior!
The orc warrior is moderately wounded.
You open the door.
There is an open door here.
There is a stone staircase leading up here.
The orc warrior misses you.
You climb upwards.
There is a stone staircase leading down here.
You start resting.
You start resting.
HP restored.
You start waiting.
Done waiting.
You start waiting.
Done waiting.
You feel very mighty all of a sudden.
You climb downwards.
There is a stone staircase leading up here.
There is an open door here.
The orc warrior hits you from afar with a +0 halberd of venom!
You are poisoned.
Things that are here:
a +0 club; a goblin skeleton You feel very sick.
The orc warrior hits you with a +0 halberd of venom!
You are lethally poisoned!
You slash the orc warrior! You freeze the orc warrior.
You kick the orc warrior.
The orc warrior is severely wounded.
* * * LOW HITPOINT WARNING * * *
You feel extremely sick.
The orc warrior hits you with a +0 halberd of venom!
You die...

#..........[......# ..
#..............#..# ...
#....##...##....#..≈
...##....##...##...##...
..........#...##...# .#
..........'<...#...#####
....##...÷.#....#........
##### #...)##....#.......$
#....##..@.##...##..####+#
........o..##...##..###..#
#.##+###.........>.........
#...........##.............
#...........##.............
#..?.(.#.........##...<...#
#.#'##..#.........######..#
# .$#.#...#.. .... ... #
##..## #....


You could see an orc warrior.

Vanquished Creatures
  A phantom (D:4)
  An orc priest (D:3)
  2 orc wizards (D:4)
  4 adders
  4 worms
  2 dart slugs
  6 orcs
  7 ball pythons
  A bat (D:2)
  3 endoplasms
  3 giant cockroaches
  8 goblins
  14 hobgoblins
  5 jackals
  6 frilled lizards
  3 kobolds
  3 rats
73 creatures vanquished.

Vanquished Creatures (collateral kills)
  An adder (D:4)
1 creature vanquished.

Vanquished Creatures (others)
  A plant (D:1)
1 creature vanquished.

Grand Total: 75 creatures vanquished

Notes
Turn   | Place    | Note
-------+----------+-------------------------------------------
     0 | D:1      | blackman the Demonspawn Fighter began the quest for the
                  | Orb.
     0 | D:1      | Reached XP level 1. HP: 18/18 MP: 1/1
    21 | D:1      | Reached skill level 2 in Axes
   350 | D:1      | Discovered your monstrous ancestry.
   350 | D:1      | Gained mutation: You have large cloven feet. [demonic
                  | ancestry]
   350 | D:1      | Reached XP level 2. HP: 24/24 MP: 2/2
   540 | D:1      | Reached skill level 3 in Axes
   705 | D:1      | Found a faded altar of an unknown god.
   772 | D:2      | Gained mutation: You have a pair of small horns on your
                  | head. [demonic ancestry]
   772 | D:2      | Reached XP level 3. HP: 29/29 MP: 3/3
  1059 | D:2      | Reached skill level 4 in Axes
  1059 | D:2      | Gained mutation: Your touch may inflict minor irresistible
                  | damage on your foes. [demonic ancestry]
  1059 | D:2      | Reached XP level 4. HP: 30/35 MP: 4/4
  2055 | D:4      | Reached skill level 5 in Axes
  2055 | D:4      | Gained mutation: A weak demonic guardian rushes to your
                  | aid. [demonic ancestry]
  2055 | D:4      | Reached XP level 5. HP: 23/41 MP: 5/5
  2339 | D:4      | Noticed a phantom
  2351 | D:4      | Killed a phantom
  2352 | D:4      | Reached XP level 6. HP: 21/47 MP: 6/6
  2363 | D:4      | Noticed an orc warrior
  2725 | D:4      | Slain by an orc warrior

Illustrated notes

Levels and vault maps discovered:
D:1:      lemuel_arrival_broad_hall, layout_rooms,
          shapermc_ecumenical_altar_acropolis
D:2:      layout_rooms, hangedman_decor_growths, hex_large,
          minmay_misc_feat_pillars, st_stairs_3, chequers_serial_rivers_room_b,
          dk_noncrumbling_4
D:3:      layout_rooms
D:4:      layout_gridville, grunt_decor_junction, minmay_manual_mess,
          uniq_duvessa

Skill      XL: |  1  2  3  4 |
---------------+-------------+-----
Axes           | 2 3 4 5 |  5.9
Fighting       | |  3.0
Armour         | |  2.6
Shields        | |  2.6

Action                   |  1- 3 |  4- 6 || total
-------------------------+-------+-------++-------
Melee: War axe           |    77 |    62 ||   139
       Kick              |     9 |    14 ||    23
       Headbutt          |       |    12 ||    12
       Touch             |       |     5 ||     5
Throw: Javelin           |       |     3 ||     3
       Dart              |       |     2 ||     2
  Use: Potion            |       |     3 ||     3
Armor: Scale mail        |    40 |    24 ||    64
Dodge: Dodged            |    30 |    31 ||    61
Block: Buckler           |    17 |       ||    17
